Unix NetHack Version 5.0.0-0 post-release - last build May 17 2026 04:57:42 (dc50c8380fa5e20985bfe3072449f57b8d9895ef,branch:main).

Game began 2026-05-20 16:44:41, ended 2026-05-20 17:16:19.

ArrBianca, lawful female dwarven Archeologist

                               -----
                              --...--
                            ---.....---
                             .........-----------
                               -....-..C@.......-
                                 -.....-------
                             -----........--
                             -.<...........|
                          .....-----.|.....-
                    .........--    -----....|
                 ..........             -.|.|
               -..........               ----
              |.... ---*.
              -..     |
                |

ArrBianca the Investigator  St:17 Dx:8 Co:16 In:13 Wi:16 Ch:12  Lawful
Dlvl:7  $:0  HP:0(57) Pw:24(24) AC:4  Xp:6 T:3728  Hungry  

Latest messages:
 The cave spider bites!
 You miss the cave spider.
 The cave spider bites!
 You kill the cave spider!
 You see the cave spider hide under a corpse.
 Wait!  There's a cave spider hiding under a cave spider corpse!
 The cave spider just misses!
 You kill the cave spider!
 You see here a cave spider corpse.
 s - a cave spider corpse.
 There is nothing here to pick up.
 There is nothing here to pick up.
 What do you want to eat? [dlsuNT or ?*] y
 You don't have that object.
 What do you want to eat? [dlsuNT or ?*] T
 It is not so easy to open this tin.
 You stop opening the tin.
 You miss the cave spider.
 The cave spider bites!
 You kill the cave spider!
 The raven bites!
 The raven blinds you!
 You lash the raven.
 The raven misses!
 The raven bites!
 You kill the raven!
 What do you want to eat? [dlsuNT or ?*] T
 It is not so easy to open this tin.
 You can see again.
 You stop opening the tin.
 You miss the plains centaur.
 The plains centaur hits!
 The plains centaur kicks!
 The plains centaur hits!
 The plains centaur kicks!
 You lash the plains centaur!
 The plains centaur hits!
 The plains centaur kicks!
 The plains centaur hits!
 The plains centaur kicks!
 You lash the plains centaur!
 The plains centaur hits!
 The plains centaur kicks!
 You lash the plains centaur!
 The plains centaur hits!
 The plains centaur kicks!
 The plains centaur hits!
 You die...
 Do you want your possessions identified? [ynq] (y) y
 Do you want to see your attributes? [ynq] (y) q

Inventory:
 Weapons  (')')
  O - 12 +0 darts (at the ready)
  m - a +0 knife
  a - a +3 bullwhip (weapon in right hand)
 Armor    ('[')
  c - an uncursed +0 fedora (being worn)
  b - an uncursed +0 pair of high boots (being worn)
  M - a cursed -1 pair of low boots
  e - an uncursed +0 small shield (being worn)
  U - an uncursed fireproof +0 dwarvish cloak (being worn)
  j - an uncursed +0 ring mail (being worn)
 Comestibles  ('%')
  d - an uncursed food ration
  u - an uncursed lembas wafer
  l - an uncursed tripe ration
  T - an uncursed homemade tin of gnome meat
  N - an uncursed homemade tin of wererat meat
  s - an uncursed cave spider corpse
 Scrolls  ('?')
  q - an uncursed scroll of light
  J - an uncursed scroll of magic mapping
 Potions  ('!')
  B - an uncursed potion of full healing
  p - an uncursed potion of polymorph
 Rings    ('=')
  x - an uncursed ring of polymorph control
  n - an uncursed ring of teleport control
 Tools    ('(')
  h - an uncursed sack containing 1 item
  H - an empty uncursed sack
  i - a magic marker (0:20)
  A - an uncursed oil lamp
  Q - an uncursed tallow candle
  f - a tinning kit (0:94)
  R - a blessed wax candle
 Gems/Stones  ('*')
  E - an uncursed ruby
  r - an uncursed flint stone
  g - an uncursed touchstone

Contents of the sack:
  an uncursed jet stone

ArrBianca the Archeologist's attributes:

Background:
 You were an Investigator, a level 6 female dwarven Archeologist.
 You were lawful, on a mission for Quetzalcoatl
 who was opposed by Camaxtli (neutral) and Huhetotl (chaotic).
 You were right-handed.
 You were in the Gnomish Mines, on level 7.
 You entered the dungeon 3728 turns ago.
 You had 374 experience points, 266 more were needed to attain level 7.

Basics:
 You had 0 out of 57 hit points.
 You had all 24 energy points (spell power).
 Your armor class was 4.
 Your wallet was empty.
 Autopickup was on for '$?!/="+%' plus thrown, with exceptions.

Final Characteristics:
 Your strength was 17 (limit:18/100).
 Your dexterity was 8 (limit:20).
 Your constitution was 16 (limit:20).
 Your intelligence was 13 (limit:16).
 Your wisdom was 16 (limit:16).
 Your charisma was 12 (limit:16).

Final Status:
 You were hungry.
 You were unencumbered.
 You were wielding a whip.
 You were skilled in whip.

Final Attributes:
 You were piously aligned.
 Your items were somewhat protected from fire.
 Your items were somewhat protected from cold.
 You were telepathic.
 You had automatic searching.
 You had infravision.
 You were stealthy.
 You were warded.
 You were lucky.
 You are dead.

Miscellaneous:
 You didn't encounter any bones levels.
 Total elapsed playing time was 31 minutes and 38 seconds.

Major events:
 Turn
    1: ArrBianca the lawful female dwarven Archeologist entered the dungeon
  662: attained the rank of Field Worker (level 3)
  894: entered the Gnomish Mines
 1309: reached Mine Town
 3308: attained the rank of Investigator (level 6)
 3728: killed by a plains centaur

You didn't know any spells.

Skills:
 Fighting Skills
   bare handed combat [Unskilled]
   two weapon combat  [Unskilled]
   riding             [Unskilled]
 Weapon Skills
   dagger             [Unskilled]
   knife              [Unskilled]
   pick-axe           [Basic]
   short sword        [Unskilled]
   saber              [Unskilled]
   club               [Unskilled]
   quarterstaff       [Unskilled]
   sling              [Unskilled]
   dart               [Unskilled]
   boomerang          [Unskilled]
   whip               [Skilled]
   unicorn horn       [Unskilled]
 Spellcasting Skills
   attack spells      [Unskilled]
   healing spells     [Unskilled]
   divination spells  [Unskilled]
   matter spells      [Unskilled]

Voluntary challenges:
 Character rerolling was not enabled.
 You never genocided any monsters.
 You never polymorphed an object.
 You never changed form.
 You used no wishes.
Achievements:
 You attained the rank of Field Worker.
 You entered the Gnomish Mines.
 You entered Minetown.
 You entered a shop.
 You entered a temple.
 You attained the rank of Investigator.

 The Dungeons of Doom: levels 1 to 2
    Level 1:
       A grave.
    Level 2:
       A fountain, a grave.
       Stairs down to The Gnomish Mines.
 The Gnomish Mines: levels 3 to 7
    Level 3:
    Level 4:
    Level 5:
       Many shops, a temple and an altar to Quetzalcoatl, many fountains.
    Level 6:
    Level 7: <- You were here.
       Final resting place for
          you, killed by a plains centaur.


Vanquished creatures:
  a small mimic
  a watchman
  a dog
  a raven
  4 human zombies
  2 imps
  2 rock moles
  6 gnome leaders
  2 gnomish wizards
  a gray ooze
 an elf zombie
  2 giant ants
  2 floating eyes
  a dwarf
  a homunculus
  a rothe
  a giant bat
 an orc zombie
  a wererat
  a werejackal
  2 gas spores
 11 manes
  a large kobold
  2 hobgoblins
  4 cave spiders
  a yellow mold
  a red mold
 10 gnomes
  a gnome zombie
  a gecko
  6 jackals
  2 goblins
  9 grid bugs
  4 bats
  6 lichens
  6 newts
100 creatures vanquished.

No species were genocided or became extinct.

Game over:
                       ----------
                      /          \
                     /    REST    \
                    /      IN      \
                   /     PEACE      \
                  /                  \
                  |    ArrBianca     |
                  |       0 Au       |
                  |   killed by a    |
                  |  plains centaur  |
                  |                  |
                  |                  |
                  |       2026       |
                 *|     *  *  *      | *
        _________)/\\_//(\/(/\)/\//\/|_)_______

Goodbye ArrBianca the Archeologist...

You died in The Gnomish Mines on dungeon level 7 with 1806 points,
and 0 pieces of gold, after 3728 moves.
You were level 6 with a maximum of 57 hit points when you died.

